 Dungeon Crawl Stone Soup version 0.29-a0-581-ge9a90b782e (webtiles) character file.

Game seed: 2116380524828582244

12522 Querens the Protected (level 12, -3/106 HPs)
             Began as a Meteoran Fighter on June 14, 2022.
             Was a High Priest of Okawaru.
             Killed by divine providence
             ... invoked by an orc high priest
              (13 damage)
             ... on level 2 of the Orcish Mines.
             The game lasted 00:29:08 (6776 turns).

Querens the Protected (Meteoran Fighter)            Turns: 6776, Time: 00:29:09

Health: -3/106     AC: 21    Str: 25    XL:     12   Next: 50%
Magic:  17/20      EV:  9    Int: 11    God:    Okawaru [*****.]
Gold:   1190       SH: 24    Dex: 14    Spells: 11/11 levels left

rFire   . . .      SeeInvis .   a - +0 war axe
rCold   . . .      Faith    .   f - +0 tower shield
rNeg    + . .      Spirit   .   n - +2 chain mail of the Aged People {Str+3}
rPois   .          Reflect  +   A - +0 helmet
rElec   .          Harm     .   w - +2 cloak
rCorr   .          Rampage  .   (no gloves)
Will    ++...                   (no boots)
Stlth   ..........              H - amulet of reflection
HPRegen 0.27/turn               e - ring of willpower
MPRegen 0.17/turn               x - ring of positive energy

@: heroic, finesse-ful, hasted, glowing, very quick
A: sense surroundings 2, otherworldly, glowing, explore regen
a: Renounce Religion, Heroism, Finesse, Duel


You were on level 2 of the Orcish Mines.
You worshipped Okawaru.
Okawaru was extremely pleased with you.
You visited 3 branches of the dungeon, and saw 13 of its levels.

You collected 1190 gold pieces.

Inventory:

Hand Weapons
 a - a +0 war axe (weapon)
Armour
 f - a +0 tower shield (worn)
 n - the +2 chain mail of the Aged People (worn) {Str+3}
   (You found it on level 3 of the Dungeon)

   Str:       It affects your strength (+3).
 p - a +0 cloak of preservation
 w - a +2 cloak (worn)
 A - a +0 helmet (worn)
Magical Staves
 G - a staff of death
Jewellery
 e - a ring of willpower (left hand)
 m - a ring of protection from cold
 s - a ring of fire
 x - a ring of positive energy (right hand)
 D - an amulet of magic regeneration
 H - an amulet of reflection (around neck)
Wands
 B - a wand of flame (7)
 I - a wand of acid (2)
Scrolls
 c - 2 scrolls of enchant armour
 g - 5 scrolls of teleportation
 h - 3 scrolls of amnesia
 i - 2 scrolls of brand weapon
 q - a scroll of vulnerability {unknown}
 u - 5 scrolls of fog
 v - 2 scrolls of enchant weapon
 y - a scroll of blinking {unknown}
 C - a scroll of immolation {unknown}
 E - a scroll of fear {unknown}
Potions
 d - a potion of lignification {unknown}
 j - 3 potions of mutation {unknown}
 k - 3 potions of cancellation {unknown}
 o - 3 potions of curing
 r - 5 potions of attraction
 t - 4 potions of invisibility
 z - a potion of brilliance {unknown}


   Skills:
 + Level 10.0(15.0) Fighting
 + Level 10.6(15.6) Axes
 + Level 10.9(15.9) Armour
 + Level 10.9(15.9) Shields
 + Level 10.1 Invocations


You had 11 spell levels left.
You didn't know any spells.
Your spell library contained the following spells:

 Spells                   Type           Power      Damage    Failure   Level
 Apportation              Tloc           0%         N/A       99%         1
 Necrotize                Necr           0%         1d4       99%         1
 Poisonous Vapours        Pois/Air       0%         N/A       100%        2
 Portal Projectile        Hex/Tloc       0%         N/A       100%        3
 Corpse Rot               Necr/Pois/Air  0%         N/A       100%        4
 Blade Hands              Tmut           0%         N/A       100%        5
 Summon Small Mammal      Summ           Unusable   N/A       N/A         1
 Tukima's Dance           Hex            Unusable   N/A       N/A         3

Dungeon Overview and Level Annotations

Branches:
Dungeon (10/15)            Temple (1/1) D:4            Lair (0/6) D:9
    Orc (2/2) D:10            Elf (0/3) Orc:2

Altars:
Ashenzari
Cheibriados
Dithmenos
Elyvilon
Fedhas
Gozag
Hepliaklqana
Kikubaaqudgha
Makhleb
Nemelex Xobeh
Okawaru
Qazlal
Ru
Sif Muna
Trog
Uskayaw
Vehumet
Wu Jian
Xom
Yredelemnul
Zin
The Shining One
Beogh

Shops:
Orc:2 =*


Innate Abilities, Weirdness & Mutations

You passively map the area around you.
You are easily found by Zot.
You glow in the dark.
You regain HP and MP as you explore.


Message History

You kill the orc priest!
Okawaru accepts your kill.
You closely miss the sixfirhy. You slash the orc high priest!
Your Invocations skill increases to level 10!
Unknown command.
Unknown command.
You slash the orc high priest!
You kill the orc high priest!
Okawaru is honoured by your kill.
The chaos spawn degenerates into a cloud of primal chaos!
The orange demon disappears in a puff of smoke!
The sixfirhy disappears in a puff of smoke!
The ynoxinul disappears in a puff of smoke!
You hit the orc high priest but do no damage.
The orc priest miscasts a cantrip.
Your base Fighting skill increases to level 10!
Unknown command.
You hit the orc high priest but do no damage.
The orc high priest is lightly wounded.
You hit the ice devil.
Unknown command.
Unknown command.
Okay, then.
Okay, then.
Okay, then.
You hit the orc high priest but do no damage.
The orc high priest is lightly wounded.
You barely miss the ice devil. The ice devil hits you!
* * * LOW HITPOINT WARNING * * *
The ice devil freezes you!
* * * LOW HITPOINT WARNING * * *
Unknown command.
Unknown command.
You hit the orc high priest but do no damage.
The orc high priest is lightly wounded.
You hit the ice devil but do no damage.
The orc high priest mumbles some strange prayers to Beogh.
The orc high priest invokes the aid of Beogh against you.
Beogh smites you!
You die...

.........................#.######
#.....................)†)).......
.#...................)))).)....3.
.............######..#######.###o
.............#∩...#).# * #
.............#..o.#).#######h** ,
.............#,ooo#..)..o.oo.
.............###3##..###.###o ,,
...............§@o.§.# , *
.............###4###.# * ,
...).......).# oo3.#.# ,
.............#...o.#.. , ,
...).........#.....#.# * * ,
.............#∩....#.*
.............#######, *
###............... , , , , ,
.##............... ,,, ,


You could see 2 orc high priests, an ice devil (summoned), a smoke demon
(summoned), a neqoxec (summoned), 5 orc priests and an orc.

Vanquished Creatures
  5 orc high priests (Orc:2)
  2 orc sorcerers
  A cyclops (Orc:2)
  2 kobold demonologists (D:10)
  2 trolls
  Sigmund (D:4)
  A wyvern (D:9)
  2 wraiths
  7 wargs
  5 water moccasins
  13 orc warriors
  4 ice beasts
  2 sky beasts (D:7)
  2 black bears
  A centaur (D:10)
  7 ogres
  7 kobold brigands
  Blork the orc (D:6)
  A bullfrog (D:6)
  3 scorpions
  8 killer bees
  3 howler monkeys
  4 electric eels (D:9)
  13 orc priests
  A gnoll shaman (D:9)
  Crazy Yiuf (D:6)
  5 hounds
  6 iguanas
  Terence (D:2)
  19 orc wizards
  6 gnolls
  12 adders
  A shadow imp (D:7)
  2 white imps
  4 ufetubi
  A worm (D:2)
  4 dart slugs
  76 orcs
  6 ball pythons
  8 bats
  5 endoplasms
  6 goblins
  2 hobgoblins
  13 jackals
  39 kobolds
  3 quokkas
  5 frilled lizards
  8 rats
331 creatures vanquished.

Vanquished Creatures (others)
  A frilled lizard (D:9)
  A kobold (D:9)
  35 plants
37 creatures vanquished.

Grand Total: 368 creatures vanquished

Notes
Turn   | Place    | Note
-------+----------+-------------------------------------------
     0 | D:1      | Querens the Meteoran Fighter began the quest for the Orb.
     0 | D:1      | Reached XP level 1. HP: 19/19 MP: 2/2
   112 | D:1      | Reached XP level 2. HP: 24/26 MP: 3/3
   479 | D:1      | Glimpsed the power of Zot.
   510 | D:1      | Reached XP level 3. HP: 27/31 MP: 4/4
   542 | D:2      | Noticed Terence
   546 | D:2      | Killed Terence
   547 | D:2      | Reached XP level 4. HP: 40/40 MP: 5/5
   633 | D:2      | You fall into a shaft and drop 1 floor!
   711 | D:3      | Found an opulent altar of Gozag.
   715 | D:3      | Found a hazy altar of Hepliaklqana.
   718 | D:3      | Found a burning altar of Makhleb.
   719 | D:3      | Found a sparkling altar of Nemelex Xobeh.
   720 | D:3      | Found an iron altar of Okawaru.
   721 | D:3      | Found a shimmering altar of Xom.
   721 | D:3      | Found a blossoming altar of Fedhas.
   724 | D:3      | Found a basalt altar of Yredelemnul.
   727 | D:3      | Became a worshipper of Warmaster Okawaru
   729 | D:3      | Found a hide-covered altar of Uskayaw.
   789 | D:3      | Identified the +2 chain mail of the Aged People {Str+3}
   996 | D:2      | Reached XP level 5. HP: 46/46 MP: 6/6
  1210 | D:2      | Found a faded altar of an unknown god.
  1627 | D:3      | Glimpsed the power of Zot.
  1674 | D:3      | Glimpsed the power of Zot.
  1714 | D:3      | Glimpsed the power of Zot.
  1723 | D:3      | Glimpsed the power of Zot.
  1724 | D:3      | Touched by the power of Zot.
  1762 | D:4      | Found a bloodstained altar of Trog.
  1819 | D:4      | Reached XP level 6. HP: 13/36 MP: 7/7
  1895 | D:4      | Noticed Sigmund
  1912 | D:4      | Killed Sigmund
  1912 | D:4      | Reached * piety under Okawaru
  1913 | D:4      | Reached skill level 5 in Armour
  1913 | D:4      | Reached skill level 5 in Shields
  1913 | D:4      | Reached XP level 7. HP: 23/60 MP: 8/8
  1926 | D:4      | Reached skill level 5 in Fighting
  1955 | D:4      | Found a staircase to the Ecumenical Temple.
  1964 | Temple   | Entered the Ecumenical Temple
  2355 | D:5      | Entered Level 5 of the Dungeon
  2355 | D:5      | Noticed a water moccasin
  2369 | D:5      | Reached skill level 5 in Axes
  2369 | D:5      | Reached skill level 1 in Invocations
  2369 | D:5      | Reached XP level 8. HP: 38/68 MP: 6/10
  2545 | D:5      | Reached ** piety under Okawaru
  2811 | D:6      | Gained mutation: You passively map the area around you.
                  | [Meteoran growth]
  2811 | D:6      | Reached XP level 9. HP: 58/75 MP: 9/12
  2966 | D:6      | Reached *** piety under Okawaru
  3013 | D:6      | Reached skill level 5 in Invocations
  3263 | D:6      | Found a runed translucent door.
  3264 | D:6      | Noticed Crazy Yiuf
  3272 | D:6      | Killed Crazy Yiuf
  3318 | D:6      | Found a shadowy altar of Dithmenos.
  3326 | D:6      | Noticed Blork the orc
  3339 | D:6      | Killed Blork the orc
  3854 | D:7      | Reached XP level 10. HP: 58/86 MP: 13/15
  4271 | D:7      | Glimpsed the power of Zot.
  4321 | D:7      | Glimpsed the power of Zot.
  4349 | D:8      | Reached **** piety under Okawaru
  4857 | D:8      | Glimpsed the power of Zot.
  4975 | D:9      | Found a staircase to the Lair.
  5033 | D:9      | Reached XP level 11. HP: 48/94 MP: 15/17
  5435 | D:9      | Glimpsed the power of Zot.
  5471 | D:9      | Reached ***** piety under Okawaru
  5481 | D:9      | Glimpsed the power of Zot.
  5511 | D:10     | Entered Level 10 of the Dungeon
  5726 | D:10     | Found a staircase to the Orcish Mines.
  6008 | D:10     | Glimpsed the power of Zot.
  6032 | Orc:1    | Entered Level 1 of the Orcish Mines
  6115 | Orc:2    | Entered Level 2 of the Orcish Mines
  6115 | Orc:2    | Noticed an orc sorcerer
  6129 | Orc:2    | Killed an orc sorcerer
  6130 | Orc:2    | Reached skill level 10 in Shields
  6166 | Orc:2    | Noticed a cyclops
  6175 | Orc:2    | Killed a cyclops
  6175 | Orc:2    | Received a gift from Okawaru
  6176 | Orc:2    | Reached skill level 10 in Armour
  6311 | Orc:1    | Noticed an orc sorcerer
  6325 | Orc:1    | Killed an orc sorcerer
  6484 | Orc:2    | Noticed an orc high priest
  6496 | Orc:2    | Noticed a rust devil
  6501 | Orc:2    | Killed an orc high priest
  6502 | Orc:2    | Reached skill level 10 in Axes
  6502 | Orc:2    | Reached XP level 12. HP: 55/105 MP: 18/20
  6589 | Orc:2    | Found a staircase to the Elven Halls.
  6620 | Orc:2    | Noticed an orc high priest
  6644 | Orc:2    | Killed an orc high priest
  6659 | Orc:2    | Noticed an orc high priest
  6661 | Orc:2    | Noticed a sun demon
  6705 | Orc:2    | Killed an orc high priest
  6747 | Orc:2    | Noticed an orc high priest
  6749 | Orc:2    | Noticed an orc high priest
  6749 | Orc:2    | Noticed an orc high priest
  6750 | Orc:2    | Found Cifoh's General Store.
  6754 | Orc:2    | Noticed a sun demon
  6756 | Orc:2    | Killed an orc high priest
  6763 | Orc:2    | Noticed a sixfirhy
  6763 | Orc:2    | Found Huequits's Jewellery Emporium.
  6763 | Orc:2    | Noticed an orc high priest
  6773 | Orc:2    | Reached skill level 10 in Invocations
  6773 | Orc:2    | Killed an orc high priest
  6774 | Orc:2    | Reached skill level 10 in Fighting
  6776 | Orc:2    | Killed from afar by an orc high priest

Illustrated notes

Levels and vault maps discovered:
D:1:      dpeg_arrival_shelter, layout_basic
D:2:      layout_loops_ring, hellmonk_ecumenical_altar_arch_garden, uniq_terence
D:3:      kb_forest_paths, layout_basic, nicolae_overflow_hallway_of_the_gods,
          st_stairs_6
D:4:      layout_cave_pods, amcnicky_altar_gilded,
          minmay_temple_entry_antechambers, chequers_mini_garden, uniq_sigmund
D:5:      layout_rooms, patterned_corridor
D:6:      layout_basic, nicolae_dithmenos_the_darkroom, uniq_crazy_yiuf_cottage,
          uniq_blork_the_orc
D:7:      layout_loops_corners, nicolae_sextant, minmay_misc_feat_room,
          kennysheep_generic_room_14
D:8:      nicolae_cairo_tiling_very_big, layout_basic, serial_bayou_lake_a
D:9:      layout_roguey, erik_lair_orcish_takeover, serial_bayou_lagoon_b
D:10:     layout_roguey, minmay_orc_entry_temple_small
Temple:   minmay_temple_curvy_loop
Orc:1:    layout_caves
Orc:2:    st_orc_town, layout_diamond_mine, mines2_david

Skill      XL: |  1  2  3  4  5  6  7  8  9 10 11 12 |
---------------+-------------------------------------+-----
Axes           | 3 4 5 6 7 8 10 | 10.6
Armour         | 4 5 6 7 9 10 | 10.9
Shields        | 4 5 6 7 9 10 | 10.9
Fighting       | 4 5 6 7 8 9 10 | 10.0
Invocations    | 1 3 5 7 9 10 | 10.1

Action                   |  1- 3 |  4- 6 |  7- 9 | 10-12 || total
-------------------------+-------+-------+-------+-------++-------
Melee: War axe           |    60 |   190 |   206 |   503 ||   959
Invok: Heroism           |       |       |     5 |    15 ||    20
       Finesse           |       |       |       |     2 ||     2
Evoke: Wand              |       |       |       |     6 ||     6
  Use: Potion            |       |     4 |       |     8 ||    12
       Scroll            |       |       |       |     7 ||     7
Armor: Scale mail        |    43 |    16 |       |       ||    59
       Chain mail        |       |   114 |   176 |   315 ||   605
Dodge: Dodged            |    39 |    65 |    93 |   136 ||   333
Block: Buckler           |    21 |    54 |    97 |    62 ||   234
       Tower shield      |       |       |       |   391 ||   391
       Reflection        |       |       |       |     4 ||     4

Table legend: (Time is in decaauts)
 A = Elapsed time spent in this place.
 B = Non-inter-level travel time spent in this place.
 C = Inter-level travel time spent in this place.
 D = Time resting spent in this place.
 E = Time spent auto-exploring this place.
 F = Levels seen in this place.
 G = Mean time per level.
                   A        B        C        D        E       F      G
               +--------+--------+--------+--------+--------+-----+--------+
         Total |   6943 |   6464 |    479 |      2 |      0 |  13 |  534.1 |
       Dungeon |   6124 |   5665 |    459 |      2 |      0 |  10 |  612.4 |
        Temple |     95 |     95 |      0 |      0 |      0 |   1 |   95.0 |
  Orcish Mines |    723 |    703 |     20 |      0 |      0 |   2 |  361.5 |
               +--------+--------+--------+--------+--------+-----+--------+

Top non-repeatable levels by time:
     D:6: 860 daAuts
     D:3: 692 daAuts
     D:7: 690 daAuts
     D:9: 675 daAuts
     D:2: 579 daAuts
     D:8: 552 daAuts
     D:1: 546 daAuts
    D:10: 543 daAuts
     D:4: 521 daAuts
     D:5: 462 daAuts
   Orc:2: 448 daAuts
   Orc:1: 275 daAuts
  Temple: 95 daAuts
